Map: Romanticide LE

Players

Krystianer

  • Race: Protoss Protoss

Harstem - Winner!

  • Race: Protoss Protoss

Event: DreamHack SC2 Masters 2021 Fall

VOD

Have the link to the VOD?

Description

Time

  • Played on: July 29, 2021, 12:36 p.m.
  • Length: 6:26

All games in this series

Show
View Real Time Build Order
Export as new Build Order

Krystianer Protoss 

Build Orders: Blink Stalkers 

Get SALT Encoding   

  12  0:00  Probe  
  13  0:12  Probe  
  14  0:19  Pylon  
  14  0:24  Probe (Chrono Boost)  
  15  0:38  Probe (Chrono Boost)  
  15  0:39  Gateway  
  16  0:44  Probe (Chrono Boost)  
  16  0:46  Assimilator  
  17  0:52  Probe  
  17  0:56  Assimilator  
  18  1:04  Probe (Chrono Boost)  
  19  1:13  Probe (Chrono Boost)  
  19  1:17  Gateway  
  20  1:19  Probe (Chrono Boost)  
  21  1:26  Cybernetics Core  
  21  1:31  Probe  
  22  1:35  Pylon  
  22  1:43  Probe  
  23  1:55  Probe  
  24  2:02  Stalker, Warp Gate  
  24  2:04  Stalker  
  28  2:14  Pylon  
  28  2:21  Twilight Council  
  28  2:33  Stalker  
  28  2:34  Stalker  
  32  2:55  Blink (Chrono Boost)  
  32  3:06  Gateway  
  32  3:07  Gateway  
  32  3:11  Stalker  
  34  3:19  Stalker  
  36  3:30  Shield Battery  
  36  3:37  Pylon  
  36  4:02  Stalker x2  
  38  4:03  Stalker x2  
  44  4:13  Pylon  
  44  4:26  Stalker  
  46  4:31  Stalker  
  48  4:47  Adept  
  48  4:48  Stalker  
  48  4:51  Stalker  
  54  4:58  Pylon  
  50  5:25  Stalker x2  
  50  5:27  Stalker x2  
  42  5:58  Stalker x3  
  42  5:59  Stalker  
Show
View Real Time Build Order
Export as new Build Order

Harstem Protoss - Winner!

Build Orders: Oracle Opening 

Get SALT Encoding   

  12  0:00  Probe  
  13  0:12  Probe  
  14  0:17  Pylon  
  14  0:24  Probe  
  15  0:36  Probe (Chrono Boost)  
  15  0:37  Gateway  
  16  0:47  Probe (Chrono Boost)  
  16  0:49  Assimilator  
  17  0:52  Probe (Chrono Boost)  
  17  0:55  Assimilator  
  18  1:03  Probe (Chrono Boost)  
  19  1:08  Gateway  
  19  1:13  Probe (Chrono Boost)  
  20  1:18  Probe (Chrono Boost)  
  20  1:24  Cybernetics Core  
  21  1:29  Probe  
  22  1:35  Pylon  
  22  1:41  Probe  
  23  1:53  Probe  
  24  2:00  Stalker, Warp Gate  
  26  2:02  Sentry  
  26  2:06  Pylon  
  28  2:24  Oracle  
  28  2:27  Pylon  
  28  2:35  Nexus  
  28  2:37  Probe (Chrono Boost)  
  28  2:43  Sentry  
  31  2:45  Pylon  
  31  2:49  Probe (Chrono Boost)  
  32  2:54  Stalker  
  35  2:58  Probe (Chrono Boost)  
  35  3:04  Shield Battery  
  35  3:10  Sentry  
  35  3:11  Probe (Chrono Boost)  
  39  3:20  Probe (Chrono Boost)  
  39  3:25  Probe (Chrono Boost)  
  39  3:32  Robotics Facility  
  40  3:37  Probe  
  41  3:49  Stalker  
  41  3:50  Shield Battery, Stalker  
  41  3:51  Probe x2  
  48  4:13  Zealot  
  48  4:14  Stalker  
  48  4:17  Immortal (Chrono Boost)  
  51  4:19  Pylon  
  55  4:26  Shield Battery  
  55  4:27  Probe x2  
  57  4:36  Zealot  
  59  4:39  Stalker  
  59  4:49  Immortal (Chrono Boost)  
  63  4:56  Stalker  
  64  5:01  Shield Battery  
  64  5:03  Pylon  
  64  5:04  Sentry  
  64  5:06  Shield Battery  
  64  5:24  Probe  
  64  5:27  Zealot  
  61  5:32  Immortal (Chrono Boost)  
  61  5:35  Pylon  
  59  5:40  Stalker  
  59  5:41  Probe  
  59  5:42  Probe  
  61  5:53  Probe  
  61  5:54  Probe  
  61  5:56  Pylon  
  61  6:03  Observer (Chrono Boost)  
  62  6:05  Probe  
  62  6:06  Probe  
  64  6:12  Pylon  

Tags
 
Add a new tag
Caveats
  • Supply blocks, unpowered buildings, or Contaminate may cause inaccurate times.
  • Supply counts are checked every 10 seconds.